 Dungeon Crawl Stone Soup version 0.18.1-48-g4cf74bf (webtiles) character file.

15752 nikopol the Cleaver (level 12, -1/107 HPs)
             Began as a Minotaur Berserker on Aug 13, 2016.
             Was a High Priest of Trog.
             Slain by Rationalist's ghost (9 damage)
             ... on level 4 of the Lair of Beasts.
             The game lasted 00:39:01 (13864 turns).

nikopol the Cleaver (Minotaur Berserker)           Turns: 13864, Time: 00:39:02

Health: -1/107     AC: 10    Str: 24    XL:     12   Next: 4%
Magic:  11/11      EV: 16    Int:  4    God:    Trog [*****.]
Gold:   598        SH:  0    Dex: 18    Spells: 0 memorised, 11 levels left

rFire  + . .     SeeInvis .     a - +3 hand axe (freeze)
rCold  . . .     Gourm    .     x - +0 scale mail
rNeg   . . .     Faith    .     (no shield)
rPois  .         Spirit   .     (helmet restricted)
rElec  .         Dismiss  .     (no cloak)
rCorr  .         Reflect  .     (no gloves)
SustAt .         Harm     .     V - +1 pair of boots of Nobility {Stlth+}
MR     .....                    A - amulet of regeneration
Stlth  +.........               r - +5 ring of dexterity
                                h - ring of protection from fire

@: exhausted, slowed, drained, very slow, not resistant to hostile enchantments,
very unstealthy
A: retaliatory headbutt, horns 2
a: Berserk, Trog's Hand, Brothers in Arms, Burn Spellbooks, Renounce Religion


You were on level 4 of the Lair of Beasts.
You worshipped Trog.
Trog was extremely pleased with you.
You were very hungry.

You visited 2 branches of the dungeon, and saw 13 of its levels.
You also visited: Labyrinth.

You collected 598 gold pieces.

Inventory:

Hand Weapons
 a - a +3 hand axe of freezing (weapon)
 z - a +5 longbow of flaming
 Q - a +3 antimagic battleaxe
Missiles
 C - 115 arrows (quivered)
Armour
 x - a +0 scale mail (worn)
 V - the +1 pair of boots of Nobility (worn) {Stlth+}
   (You found it in a labyrinth)

   It makes you more stealthy.
Jewellery
 f - an uncursed ring of positive energy
 h - a ring of protection from fire (left hand)
 m - an uncursed ring of sustain attributes
 r - a +5 ring of dexterity (right hand)
 A - an amulet of regeneration (around neck)
 F - an uncursed ring of protection from cold
 G - an uncursed ring of see invisible
Wands
 e - a wand of digging (14/24)
Scrolls
 b - 2 scrolls of identify
 j - 7 scrolls of remove curse
 k - 5 scrolls of teleportation
 n - 2 scrolls of amnesia {unknown}
 o - 4 scrolls of enchant weapon {unknown}
 p - 4 scrolls of immolation {unknown}
 q - 5 scrolls of enchant armour {unknown}
 w - 5 scrolls of blinking {unknown}
 y - 3 scrolls of fear {unknown}
 H - 4 scrolls of fog {unknown}
 L - a scroll of torment {unknown}
 M - 2 scrolls of silence {unknown}
Potions
 d - 3 potions of haste
 g - 12 potions of curing
 l - 2 potions of ambrosia
 s - 2 potions of might
 t - a potion of resistance
 u - 2 potions of berserk rage
 v - a potion of heal wounds
 B - a potion of degeneration
 D - a potion of flight
 E - a potion of magic
 J - 2 potions of invisibility
 K - a potion of lignification {unknown}
 S - a potion of brilliance {unknown}
Comestibles
 c - 11 bread rations
 O - 3 fruits
 R - 5 meat rations


   Skills:
 + Level 10.5(9.5) Fighting
 * Level 12.5(11.4) Axes
 * Level 10.1(9.1) Bows
 + Level 10.1(9.1) Armour
 + Level 9.2(8.2) Dodging


You had 11 spell levels left.
You didn't know any spells.

Dungeon Overview and Level Annotations

Branches:
Dungeon (9/15)             Temple (0/1) D:4            Lair (4/8) D:8
 Spider (0/4) Lair:3
  Swamp: Lair:3-6    Shoals: Lair:3-6       Orc: D:9-12

Altars:
Nemelex Xobeh
Okawaru
Pakellas
Qazlal

Shops:
D:6 (

Annotations:
Lair:4 Rationalist's ghost, journeyman FoFi


Innate Abilities, Weirdness & Mutations

You reflexively headbutt those who attack you in melee.
You have a pair of horns on your head.


Message History

You hit Rationalist's ghost but do no damage.
You headbutt Rationalist's ghost, but do no damage.
Rationalist's ghost is almost destroyed.
Rationalist's ghost hits you!
* * * LOW HITPOINT WARNING * * *
You hit Rationalist's ghost but do no damage.
Rationalist's ghost is almost destroyed.
Rationalist's ghost hits you!
* * * LOW HITPOINT WARNING * * *
You hit Rationalist's ghost but do no damage.
Rationalist's ghost is almost destroyed.
Rationalist's ghost hits you.
* * * LOW HITPOINT WARNING * * *
Your iron troll goes berserk!
You feel somewhat more hungry.
You hear the faint crackling of a very distant melting archway.
Rationalist's ghost closely misses you. You furiously retaliate!
You headbutt Rationalist's ghost, but do no damage.
Rationalist's ghost hits you!
You die...

### ###.# #######
###
..#.###.##.P###.###
.................P#
.##..P###P.#####.##
####### #### #@#
#W# T.. .#(## ...(#
.. .(# .#. .(# ###
#(.#


You could see Rationalist's ghost and a friendly iron troll (berserk).

Vanquished Creatures
  A minotaur (Lab)
  3 hydras
  The ghost of UnlimitedFusion the Blocker, a novice MiFi of Okawaru (D:7)
  Joseph (D:7)
  6 spiny frogs
  A komodo dragon (Lair:3)
  A demonic crawler (Lair:3)
  Prince Ribbit (D:9)
  2 shadows (Lab)
  A spriggan (D:7)
  2 wyverns
  3 yaks (Lair:2)
  Eustachio (D:5)
  4 basilisks (Lab)
  6 humans (Lair:2)
  A hippogriff (Lair:2)
  5 hungry ghosts
  Duvessa (D:5)
  3 porcupines
  2 sky beasts (D:5)
  3 orc warriors
  2 ogres
  5 centaurs
  2 crocodiles
  4 big kobolds
  8 giant frogs
  A gnoll sergeant (D:8)
  Dowan (D:5)
  2 water moccasin zombies (D:7)
  7 scorpions
  3 killer bees (D:7)
  A spriggan skeleton (Lab)
  6 howler monkeys
  A vampire bat (Lair:2)
  5 wights (D:6)
  A troll skeleton (Lab)
  A centaur zombie (D:8)
  3 crimson imps (D:7)
  2 giant frog zombies (D:9)
  14 hounds
  7 orc priests
  3 centaur skeletons
  A jelly (D:5)
  Jessica (D:3)
  A giant frog skeleton (D:7)
  7 iguanas
  8 orc wizards
  Ijyb (D:3)
  12 worker ants
  5 sheep
  2 hound skeletons
  2 worker ant zombies
  7 gnolls
  42 river rats
  8 adders
  A shadow imp (D:7)
  An ooze (D:2)
  5 adder skeletons
  2 adder zombies
  2 worms (Lair:3)
  6 dart slugs
  4 giant geckos
  20 orcs
  19 bats
  9 giant cockroaches
  4 goblins
  8 hobgoblins
  13 jackals
  5 quokkas
  A giant gecko zombie (D:5)
  5 giant newts
  20 kobolds
  2 quokka skeletons
  A quokka zombie (D:6)
  11 rats
  A fungus (D:7)
  3 plants (Lab)
368 creatures vanquished.

Vanquished Creatures (others)
  A fungus (D:7)
1 creature vanquished.

Grand Total: 369 creatures vanquished

Notes
Turn   | Place    | Note
--------------------------------------------------------------
     0 | D:1      | nikopol the Minotaur Berserker began the quest for the Orb.
     0 | D:1      | Reached XP level 1. HP: 19/19 MP: 0/0
   287 | D:1      | Reached XP level 2. HP: 26/27 MP: 1/1
   520 | D:1      | You fall through a shaft!
   634 | D:2      | Reached XP level 3. HP: 33/33 MP: 2/2
   652 | D:2      | Reached ** piety under Trog
   662 | D:2      | Found a faded altar to an unknown god.
   703 | D:2      | Reached skill level 4 in Axes
   708 | D:2      | Found a sparkling altar of Nemelex Xobeh.
  1092 | D:1      | Reached XP level 4. HP: 40/40 MP: 3/3
  1619 | D:3      | Noticed Ijyb
  1626 | D:3      | Killed Ijyb
  1626 | D:3      | Reached XP level 5. HP: 36/47 MP: 4/4
  1880 | D:3      | Found an oddly glowing altar of Pakellas.
  2142 | D:3      | Noticed Jessica
  2145 | D:3      | Killed Jessica
  2229 | D:4      | Reached skill level 5 in Fighting
  2232 | D:4      | Reached *** piety under Trog
  2232 | D:4      | Reached skill level 5 in Axes
  2232 | D:4      | Reached XP level 6. HP: 39/56 MP: 5/5
  2739 | D:4      | Reached skill level 5 in Armour
  2840 | D:4      | Reached XP level 7. HP: 48/62 MP: 6/6
  3224 | D:4      | Found a staircase to the Ecumenical Temple.
  3314 | D:4      | Reached skill level 5 in Dodging
  3734 | D:5      | Entered Level 5 of the Dungeon
  3836 | D:5      | Noticed Dowan
  3837 | D:5      | Noticed Duvessa
  3850 | D:5      | Killed Duvessa
  3869 | D:5      | Killed Dowan
  3869 | D:5      | Reached skill level 6 in Axes
  3983 | D:5      | Noticed Eustachio
  4024 | D:5      | Killed Eustachio
  4024 | D:5      | Reached XP level 8. HP: 71/71 MP: 7/7
  4372 | D:5      | Reached **** piety under Trog
  4530 | D:5      | Reached skill level 1 in Bows
  4732 | D:5      | Reached skill level 7 in Axes
  5434 | D:6      | Reached XP level 9. HP: 70/80 MP: 8/8
  5501 | D:6      | Found Koghoyt's Weapon Shoppe.
  5506 | D:6      | Reached skill level 8 in Axes
  5511 | D:6      | Found an iron altar of Okawaru.
  6960 | D:7      | Noticed UnlimitedFusion's ghost (novice MiFi)
  6968 | D:7      | Reached skill level 9 in Axes
  6972 | D:7      | Reached skill level 5 in Bows
  6985 | D:7      | Killed UnlimitedFusion's ghost
  6985 | D:7      | Reached XP level 10. HP: 90/90 MP: 9/9
  7320 | D:7      | Noticed Joseph
  7334 | D:7      | Killed Joseph
  7798 | D:7      | Reached ***** piety under Trog
  8071 | D:8      | Reached skill level 10 in Axes
  8107 | D:8      | Received a gift from Trog
  8371 | D:8      | Found a stormy altar of Qazlal.
  8379 | D:8      | Received a gift from Trog
  8438 | D:8      | Found a staircase to the Lair.
  8989 | D:9      | Noticed Prince Ribbit
  8991 | D:9      | Killed Prince Ribbit
  9265 | Lair:1   | Entered Level 1 of the Lair of Beasts
  9296 | Lair:1   | Noticed a four-headed hydra
  9305 | Lair:1   | Killed a seven-headed hydra
  9305 | Lair:1   | Reached skill level 11 in Axes
  9381 | Lair:1   | Noticed a spiny frog
  9395 | Lair:1   | Killed a spiny frog
  9794 | Lair:1   | Reached XP level 11. HP: 97/97 MP: 10/10
 10570 | Lair:2   | Received a gift from Trog
 10713 | Lair:2   | Found a labyrinth entrance.
 10720 | Lab      | Entered a labyrinth
 11033 | Lab      | Reached skill level 10 in Fighting
 11635 | Lab      | Noticed a minotaur
 11650 | Lab      | Killed a minotaur
 11650 | Lab      | Reached skill level 12 in Axes
 11677 | Lab      | Got a pair of blackened boots
 12423 | Lair:3   | Noticed a five-headed hydra
 12431 | Lair:3   | Killed an eight-headed hydra
 12802 | Lair:3   | Reached skill level 10 in Armour
 12965 | Lair:3   | Found a hole to the Spider Nest.
 13109 | Lair:3   | Noticed a seven-headed hydra
 13113 | Lair:3   | Killed a nine-headed hydra
 13113 | Lair:3   | Reached skill level 10 in Bows
 13273 | Lair:3   | Reached XP level 12. HP: 107/107 MP: 6/11
 13279 | Lair:3   | Identified the +1 pair of boots of Nobility {Stlth+} (You found it in a labyrinth)
 13825 | Lair:4   | Noticed Rationalist's ghost (journeyman FoFi)
 13864 | Lair:4   | Slain by Rationalist's ghost

Skill      XL: |  1  2  3  4  5  6  7  8  9 10 11 |
---------------+----------------------------------+-----
Fighting       | 4 5 6 7 8 9 10 | 10.5
Armour         | 3 4 5 6 7 9 10 | 10.1
Axes           | 4 5 6 7 9 11 12 | 12.5
Dodging        | 3 4 5 6 7 8 9 |  9.2
Bows           | 3 5 8 10 | 10.1

Action                   |  1- 3 |  4- 6 |  7- 9 | 10-12 || total
-------------------------+-------+-------+-------+-------++-------
Melee: Hand axe          |    71 |   122 |   211 |   278 ||   682
       Headbutt          |    14 |    23 |    52 |    92 ||   181
       War axe           |       |       |    17 |       ||    17
       Battleaxe         |       |       |       |    21 ||    21
 Fire: Shortbow          |       |       |   144 |   105 ||   249
       Longbow           |       |       |       |   136 ||   136
Invok: Berserk           |       |     2 |     4 |     5 ||    11
       Burn Spellbooks   |       |       |       |     2 ||     2
       Brothers in Arms  |       |       |       |     1 ||     1
  Use: Scroll            |       |       |     7 |    11 ||    18
  Eat: Chunk             |       |     7 |    16 |    19 ||    42
       Pizza             |       |     1 |       |     1 ||     2
       Beef jerky        |       |       |       |     4 ||     4
       Royal jelly       |       |       |       |     1 ||     1
Armor: Ring mail         |    17 |    48 |     9 |       ||    74
       Scale mail        |       |       |    51 |    58 ||   109
Dodge: Dodged            |    54 |    79 |   165 |   230 ||   528
